 Dungeon Crawl Stone Soup version 0.20.0-8-g6b59dc7 (webtiles) character file.

128 asthiss the Ruffian (level 4, 0/44 HPs)
             Began as a Troll Fighter on May 30, 2017.
             Slain by Natasha (9 damage)
             ... on level 3 of the Dungeon.
             The game lasted 00:11:11 (2103 turns).

asthiss the Ruffian (Troll Fighter)                 Turns: 2103, Time: 00:11:12

Health: 0/44       AC:  5    Str: 24 (25) XL:     4   Next: 86%
Magic:  3/3        EV:  8    Int:  4      God:
Gold:   188        SH:  8    Dex:  8 (9)  Spells: 3/3 levels left

rFire    . . .     SeeInvis .     - Unarmed
rCold    . . .     Gourm    +   b - +0 shield
rNeg     . . .     Faith    .   a - +0 robe
rPois    .         Spirit   .   (helmet restricted)
rElec    .         Reflect  .   (no cloak)
rCorr    .         Harm     .   (gloves unavailable)
MR       .....                  (boots unavailable)
Stlth    +.........             k - amulet of regeneration
Regen    1.0/turn               (no ring)
MPRegen  0.1/turn               (no ring)

@: slowed, very slow
A: unfitting armour, claws 3, fast metabolism 3, gourmand, regeneration 1,
shaggy fur 1, tough skin 2
a: no special abilities


You were on level 3 of the Dungeon.
You were very full.

You visited 1 branch of the dungeon, and saw 3 of its levels.

You collected 188 gold pieces.

Inventory:

Armour
 a - a +0 robe (worn)
 b - a +0 shield (worn)
Jewellery
 k - an amulet of regeneration (around neck)
 m - a +4 amulet of reflection
Wands
 f - a wand of random effects (34/48)
Scrolls
 e - a scroll of fog
 h - 5 scrolls of teleportation
 i - 2 scrolls of remove curse
Potions
 c - 2 potions of might
Comestibles
 d - 5 bread rations
 g - 2 meat rations


   Skills:
 + Level 2.8 Fighting
 + Level 2.9 Dodging
 + Level 3.0 Shields
 + Level 3.7 Unarmed Combat


You had 3 spell levels left.
You didn't know any spells.

Dungeon Overview and Level Annotations

Branches:
Dungeon (3/15)

Altars:
Xom

Annotations:
D:3 Natasha


Innate Abilities, Weirdness & Mutations

You are too large for most types of armour.
You have claws for hands.
Your metabolism is lightning-fast.
You like to eat raw meat.
Your natural rate of healing is unusually fast.
You are covered in fur. (AC +1)
You have very tough skin. (AC +2)


Message History

Natasha is severely wounded.
Natasha claws you. The shadow imp closely misses you.
You block Natasha's attack.
You closely miss Natasha.
Natasha is severely wounded.
The shadow imp hits you.
* * * LOW HITPOINT WARNING * * *
Natasha closely misses you. The shadow imp completely misses you.
You miss Natasha.
Natasha is heavily wounded.
Natasha claws you.
* * * LOW HITPOINT WARNING * * *
The shadow imp barely misses you. Natasha casts a spell at you.
The magic dart hits you!
You closely miss Natasha.
Natasha is heavily wounded.
You block the shadow imp's attack. You block Natasha's attack.
The shadow imp barely misses you. Natasha claws you!
You die...

########### #.........#
#..[......# ####### #......>..#
#...... #.........# #.####.
#########.........#########.####.
........'.........'..............
#########.......@h#########.#.##.
#........5# #.#.##.
#########.........###### #.#.##.
........'.........'....# #.#[##.
#########.........####.## #......
##############..#####.###
#............. #.##.#####.###
#..........#


You could see Natasha and a shadow imp.

Vanquished Creatures
  Natasha (twice) (D:3)
  An adder (D:2)
  5 dart slugs
  2 leopard geckos
  2 orcs (D:3)
  3 giant cockroaches (D:2)
  2 goblins (D:1)
  5 hobgoblins (D:1)
  8 jackals
  A ball python (D:2)
  13 bats
  5 frilled lizards
  2 kobolds
  4 rats
55 creatures vanquished.

Notes
Turn   | Place    | Note
-------+----------+-------------------------------------------
     0 | D:1      | asthiss the Troll Fighter began the quest for the Orb.
     0 | D:1      | Reached XP level 1. HP: 22/22 MP: 0/0
    86 | D:1      | Reached XP level 2. HP: 29/29 MP: 1/1
   290 | D:1      | Reached XP level 3. HP: 34/36 MP: 2/2
   597 | D:2      | Found a glowing golden altar of the Shining One.
   599 | D:2      | Found an iron altar of Okawaru.
   599 | D:2      | Found an iron altar of Okawaru.
   603 | D:2      | Found a shimmering altar of Xom.
   603 | D:2      | Found an iron altar of Okawaru.
   603 | D:2      | Found a stormy altar of Qazlal.
  1467 | D:2      | Reached XP level 4. HP: 38/44 MP: 3/3
  1479 | D:3      | Noticed Natasha
  1480 | D:3      | Killed Natasha
  1885 | D:3      | Noticed Natasha
  1895 | D:3      | Killed Natasha
  2087 | D:3      | Noticed Natasha
  2103 | D:3      | Slain by Natasha

Skill      XL: |  1  2  3  4 |
---------------+-------------+-----
Shields        | 3 |  3.0
Unarmed Combat | 3 |  3.7
Fighting       | |  2.8
Dodging        | |  2.9

Action                   |  1- 3 |  4- 6 || total
-------------------------+-------+-------++-------
Melee: Unarmed           |   136 |    35 ||   171
  Use: Scroll            |     6 |     2 ||     8
       Potion            |     1 |     1 ||     2
 Stab: Sleeping          |       |     1 ||     1
  Eat: Chunk             |    17 |     7 ||    24
Armor: Robe              |    57 |     7 ||    64
Dodge: Dodged            |    53 |    11 ||    64
Block: Shield            |    72 |    12 ||    84
